 Dungeon Crawl Stone Soup version 0.28-a0-938-gbc3f381ebc (webtiles) character file.

Game seed: 7425452729406232710

355307 frimble the Grappler (level 21, 0/206 HPs)
             Began as a Troll Warper on Nov 30, 2021.
             Was the Champion of Cheibriados.
             Slain by a storm dragon (3 damage)
             ... on level 3 of the Depths.
             The game lasted 01:34:43 (39376 turns).

frimble the Grappler (Troll Warper)                Turns: 39376, Time: 01:34:44

Health: 0/206      AC: 15    Str: 41    XL:     21   Next: 37%
Magic:  24/36      EV: 15    Int: 31    God:    Cheibriados [******]
Gold:   2864       SH: 13    Dex: 24    Spells: 22/38 levels left

rFire   + . .      SeeInvis .     - Unarmed
rCold   + . .      Faith    .   O - +1 kite shield {AC+3}
rNeg    + + .      Spirit   .   f - +4 troll leather armour
rPois   +          Reflect  .   P - +2 hood of the Assassin {Detection Stab+ Stlth++}
rElec   .          Harm     .   u - scarf {rC+ rF+}
rCorr   +          Rampage  .   (gloves unavailable)
Will    ++...                   (boots unavailable)
Stlth   +++++.....              B - amulet of regeneration
HPRegen 2.84/turn               R - ring of Geotepo {rPois Will+ rCorr Str+3}
MPRegen 0.25/turn               Y - ring "Ocuroafu" {Fly rPois rN++}

@: about to teleport, flying, studying 2 skills, very slow
A: large, unfitting armour, claws 3, regeneration 1, shaggy fur 1, tough skin 1,
high mp 1, weak 1
}: 2/15 runes: decaying, serpentine
a: Renounce Religion, Bend Time, Temporal Distortion, Slouch, Step From Time


You were on level 3 of the Depths.
You worshipped Cheibriados.
Cheibriados was exalted by your worship.
You visited 8 branches of the dungeon, and saw 38 of its levels.
You visited 1 bazaar.
You also visited: Sewer, Ice Cave and Wizlab.

You collected 4995 gold pieces.
You spent 2131 gold pieces at shops.

Inventory:

Missiles
 c - 2 silver javelins
 t - 22 javelins
 C - 2 throwing nets
 E - 57 large rocks (quivered)
 X - 12 boomerangs
Armour
 a - a +2 cloak of stealth
 f - a +4 troll leather armour (worn)
 u - a scarf of resistance (worn)
 O - a +1 kite shield of protection (worn)
 P - the +2 hood of the Assassin (worn) {Detection Stab+ Stlth++}
   (You found it on level 6 of the Lair of Beasts)

   It allows the wearer to sense nearby creatures.
   It allows the wearer to make particularly effective stabbing attacks against
   helpless or unaware enemies with any weapon.
   Stlth:     It makes you much more stealthy.
Jewellery
 m - a +4 ring of slaying
 q - a ring of protection from cold
 w - a +6 ring of intelligence
 B - an amulet of regeneration (around neck)
 F - a ring of see invisible
 I - a ring of protection from fire
 R - the ring of Geotepo (left claw) {rPois Will+ rCorr Str+3}
   (You took it off a deep elf death mage on level 3 of the Elven Halls)

   [ring of resist corrosion]

   Str:       It affects your strength (+3).
   rPois:     It protects you from poison.
   rCorr:     It protects you from acid and corrosion.
   Will:      It increases your willpower.
 Y - the ring "Ocuroafu" (right claw) {Fly rPois rN++}
   (You bought it in a shop on level 5 of the Dungeon)

   [ring of flight]

   rPois:     It protects you from poison.
   rN:        It greatly protects you from negative energy.
   Fly:       It grants you flight.
Wands
 v - a wand of iceblast (20)
 G - a wand of acid (13)
Scrolls
 b - 4 scrolls of blinking
 d - 8 scrolls of teleportation
 g - 7 scrolls of fog
 s - a scroll of enchant armour
 A - 6 scrolls of enchant weapon
 D - 4 scrolls of silence
 J - a scroll of holy word
 L - 4 scrolls of magic mapping
 M - 7 scrolls of immolation
 N - 6 scrolls of fear
 V - 10 scrolls of identify
Potions
 e - 3 potions of invisibility
 h - 11 potions of brilliance
 i - 2 potions of flight
 j - 3 potions of curing
 k - 3 potions of mutation
 l - 14 potions of might
 n - 4 potions of magic
 o - a potion of cancellation
 p - 10 potions of ambrosia
 r - 2 potions of resistance
 H - 6 potions of haste
 Q - 2 potions of attraction
 T - 2 potions of lignification
 W - 2 potions of berserk rage
 Z - 3 potions of heal wounds
Miscellaneous
 y - a tin of tremorstones (2/2)
 K - a condenser vane


   Skills:
 - Level 12.0 Fighting
 - Level 9.0 Throwing
 - Level 3.0 Armour
 - Level 8.0 Dodging
 - Level 3.0 Stealth
 - Level 8.0 Shields
 + Level 14.9 Unarmed Combat
 - Level 9.0 Spellcasting
 - Level 9.0 Translocations
 - Level 10.0 Transmutations
 + Level 14.2 Earth Magic
 - Level 13.0 Invocations
 - Level 10.0 Evocations


You had 22 spell levels left.
You knew the following spells:

 Your Spells              Type           Power      Damage    Failure   Level
a - Blink                 Tloc           100%       N/A       1%          2
b - Teleport Other        Tloc           63%        N/A       1%          3
c - Passage of Golubria   Tloc           63%        N/A       1%          4
d - Statue Form           Tmut/Erth      48%        N/A       4%          6
e - Apportation           Tloc           100%       N/A       1%          1

Your spell library contained the following spells:

 Spells                   Type           Power      Damage    Failure   Level
 Sandblast                Erth           100%       2d20      0%          1
 Beastly Appendage        Tmut           100%       N/A       1%          1
 Passwall                 Tmut/Erth      60%        N/A       1%          2
 Wereblood                Tmut           66%        N/A       1%          2
 Gell's Gravitas          Tloc           63%        N/A       1%          3
 Lesser Beckoning         Tloc           63%        N/A       1%          3
 Spider Form              Tmut/Pois      44%        N/A       1%          3
 Stone Arrow              Conj/Erth      100%       3d13      1%          3
 Petrify                  Tmut/Erth      73%        N/A       1%          4
 Lee's Rapid Deconstruct  Erth           40%        3d21*     1%          5
 Portal Projectile        Hex/Tloc       82%        N/A       2%          3
 Animate Armour           Summ/Erth      100%       N/A       2%          4
 Leda's Liquefaction      Hex/Erth       27%        N/A       2%          4
 Blade Hands              Tmut           33%        N/A       2%          5
 Ignite Poison            Fire/Tmut/Pois 34%        N/A       3%          3
 Manifold Assault         Tloc           63%        N/A       3%          5
 Animate Skeleton         Necr           26%        N/A       4%          1
 Foxfire                  Conj/Fire      52%        2x1d6     4%          1
 Pain                     Necr           52%        1d6       4%          1
 Summon Small Mammal      Summ           52%        N/A       4%          1
 Ice Form                 Ice/Tmut       44%        N/A       6%          4
 Corpse Rot               Necr/Air       26%        N/A       7%          2
 Ensorcelled Hibernation  Hex/Ice        26%        N/A       7%          2
 Scorch                   Fire           26%        2d6       7%          2
 Static Discharge         Conj/Air       13%        N/A       7%          2
 Sublimation of Blood     Necr           13%        N/A       7%          2
 Iskenderun's Mystic Bla  Conj/Tloc      41%        2d9       8%          4
 Conjure Flame            Conj/Fire      13%        6-21      14%         3
 Frozen Ramparts          Ice            26%        1d4       14%         3
 Inner Flame              Hex/Fire       13%        N/A       14%         3
 Ozocubu's Armour         Ice            13%        N/A       14%         3
 Swiftness                Air            13%        N/A       14%         3
 Tukima's Dance           Hex            13%        N/A       14%         3
 Vampiric Draining        Necr           13%        2d6       14%         3
 Irradiate                Conj/Tmut      22%        3d20      17%         5
 Yara's Violent Unravell  Hex/Tmut       22%        3d10      17%         5
 Dispersal                Tloc           31%        N/A       19%         6
 Summon Forest            Summ/Tloc      20%        N/A       21%         5
 Cause Fear               Hex            6%         N/A       43%         4
 Flame Wave               Conj/Fire      13%        2d5       43%         4
 Hailstorm                Conj/Ice       13%        3d5       43%         4
 Summon Ice Beast         Ice/Summ       13%        N/A       43%         4
 Dragon Form              Tmut           33%        N/A       54%         7
 Excruciating Wounds      Necr           6%         N/A       78%         5
 Fireball                 Conj/Fire      6%         3d5       78%         5
 Iskenderun's Battlesphe  Conj           13%        2d7       78%         5
 Lightning Bolt           Conj/Air       6%         1d18      78%         5
 Metabolic Englaciation   Hex/Ice        6%         N/A       78%         5
 Silence                  Hex/Air        6%         N/A       78%         5
 Summon Mana Viper        Hex/Summ       13%        N/A       78%         5
 Storm Form               Tmut/Air       22%        N/A       99%         7
 Conjure Ball Lightning   Conj/Air       6%         3x3d6     100%        6
 Simulacrum               Ice/Necr       6%         N/A       100%        6
 Starburst                Conj/Fire      6%         6d4       100%        6
 Summon Cactus Giant      Summ           6%         N/A       100%        6
 Haunt                    Necr/Summ      6%         N/A       100%        7
 Monstrous Menagerie      Summ           6%         N/A       100%        7
 Orb of Destruction       Conj           6%         9d3       100%        7
 Borgnjor's Revivificati  Necr           6%         N/A       100%        8
 Disjunction              Tloc           31%        N/A       100%        8
 Ignition                 Fire           6%         3d4       100%        8
 Infestation              Necr           6%         N/A       100%        8
 Lehudib's Crystal Spear  Conj/Erth      27%        10d7      100%        8
 Maxwell's Capacitive Co  Air            6%         ∞         100%        8
 Necromutation            Tmut/Necr      22%        N/A       100%        8
 Chain Lightning          Conj/Air       6%         3d8       100%        9
 Death's Door             Necr           6%         N/A       100%        9
 Dragon's Call            Summ           6%         N/A       100%        9


Dungeon Overview and Level Annotations

Branches:
Dungeon (15/15)            Temple (1/1) D:7            Lair (6/6) D:8
  Swamp (4/4) Lair:3        Snake (4/4) Lair:2        Slime (0/5) Lair:5
    Orc (2/2) D:10            Elf (3/3) Orc:2        Vaults (0/5) D:13
 Depths (3/4) D:15          Sewer (visited)           IceCv (visited)
 WizLab (visited)

Altars:
Ashenzari
Cheibriados
Dithmenos
Elyvilon
Fedhas
Gozag
Hepliaklqana
Kikubaaqudgha
Makhleb
Nemelex Xobeh
Okawaru
Qazlal
Ru
Sif Muna
Trog
Uskayaw
Vehumet
Wu Jian
Xom
Yredelemnul
Zin
The Shining One
Jiyva

Shops:
D:5 =   D:14 [   Orc:2 *[[[(*=   Snake:2 ==:   Snake:4 =

Portals:
Hell: Depths:1 Depths:2 Depths:3
Abyss: Depths:3
Pandemonium: Depths:2
Trove: Elf:2 (give +6 demon whip)

Annotations:
Orc:2 3 runed translucent doors, croobank's ghost, journeyman MiBe
Elf:2 3 runed translucent doors


Innate Abilities, Weirdness & Mutations

You are too large for most types of armour.
You have claws for hands.
Your natural rate of healing is unusually fast.
You are covered in fur. (AC +1)
You have tough skin. (AC +1)
You have an increased reservoir of magic. (+10% MP)
You are weak. (Str -2)


Message History

You hear a splash. x4
You kill the spriggan rider!
Cheibriados appreciates the change of pace.
You kill the hornet!
Cheibriados appreciates the change of pace.
You hear a splash.
You kill the spriggan!
Cheibriados appreciates the change of pace.
You hear a splash. x3
You kill the spriggan!
Cheibriados appreciates the change of pace.
You hear a splash. x2
The spriggan defender hits you with a +2 rapier of speed!
The tengu reaver gestures at you while chanting.
The bolt of fire misses you. You block the storm dragon's attack. x2
The storm dragon completely misses you.
The spriggan defender hits you with a +2 rapier of speed.
You barely miss the spriggan defender.
The spriggan defender is severely wounded.
The spriggan defender hits you with a +2 rapier of speed!
You block the storm dragon's attack. The storm dragon claws you.
The storm dragon tramples you!
You hold your ground!
The spriggan defender hits you with a +2 rapier of speed!
The spriggan defender hits you with a +5 vampiric lajatang!!
* * * LOW HITPOINT WARNING * * *
The spriggan defender draws strength from your wounds!
As you read the scroll of teleportation, it crumbles to dust.
You feel strangely unstable.
The spriggan defender hits you with a +2 rapier of speed!!
* * * LOW HITPOINT WARNING * * *
The spriggan defender completely misses you.
The storm dragon breathes lightning at you.
The bolt of lightning hits you!!
* * * LOW HITPOINT WARNING * * *
You block the spriggan defender's attack. x2
The spriggan defender closely misses you.
The storm dragon bites you!
* * * LOW HITPOINT WARNING * * *
The storm dragon claws you.
You die...

...#≈≈≈# #.≈≈# ...#≈≈8# ≈≈
≈≈≈≈≈ ≈≈ #≈≈.# ...#≈≈## ≈≈#
♣≈≈)♣ #≈ #8≈## ...#≈≈≈#
≈≈≈##≈)≈##≈ ##≈≈# ...#8≈≈#
≈≈≈≈i≈≈≈ #≈≈8# ...##≈≈###
≈≈≈))≈ ###8≈## ...#≈≈≈#≈###
#)Qb# ###P##≈≈#
...#≈≈[#≈≈≈####iiD####≈PP#≈≈♣#
...##))#≈≈≈≈PP#§@§#P≈P≈≈≈#''#
#..#♣≈≈≈≈♣≈≈≈≈8§§§8P≈≈≈♣≈≈≈≈♣#
#..#⌠≈≈≈#[#♣≈≈≈§§§≈≈≈♣#≈#≈≈≈⌠#
...##≈≈≈≈♣≈≈♣≈≈≈≈≈♣≈♣≈≈♣≈≈≈≈##
...##≈≈≈≈≈♣#≈#≈≈)≈≈#≈#♣≈≈≈≈≈#
....##≈≈≈≈≈≈♣≈♣[≈≈♣≈♣≈≈≈≈≈≈##
.....##≈≈≈≈≈≈≈≈≈≈)≈≈≈≈≈≈≈≈##
.##...####≈≈≈≈§§≈≈≈≈≈≈≈####
.........#####⌠≈8≈⌠#####


You could see a caustic shrike, a storm dragon (catching breath), a tengu reaver
and 3 spriggan defenders.

Vanquished Creatures
  The ghost of mainiacjoe the Eclecticist, a veteran DjAE of Makhleb (Depths:1)
  the Lernaean hydra (Swamp:4)
  Saint Roka (Depths:2)
  A golden dragon (Depths:2)
  The ghost of Affed the Brawler, an adept TrGl of Ashenzari (Snake:2)
  2 tentacled monstrosities
  Mlioglotl (Swamp:1)
  The ghost of Foimof the Imperceptible, an adept FeVM of Ru (Depths:1)
  5 quicksilver dragons (Depths:3)
  A walking frostbound tome (Depths:2)
  The ghost of Zonian the Eternal Night, an adept DsGl of Dithmenos (Swamp:4)
  An ancient champion (WizLab)
  5 tengu reavers (Depths:3)
  2 storm dragons (Depths:3)
  3 revenants (WizLab)
  5 frost giants
  7 nagarajas (Snake:4)
  An iron dragon (Depths:3)
  Louise (Elf:1)
  Aizul (Elf:3)
  A spriggan defender (Depths:2)
  3 deep elf elementalists (Elf:3)
  21 very ugly things
  9 stone giants
  A vampire knight (Depths:2)
  4 deep elf demonologists
  14 deep elf annihilators
  3 dire elephants (Lair:6)
  4 halazid warlocks (WizLab)
  A spark wasp (Depths:2)
  4 bunyips
  The ghost of Gijud the Gelid, a journeyman BaIE of Vehumet (Lair:5)
  6 eidola (WizLab)
  2 merfolk impalers (Depths:3)
  5 deep elf death magi
  An eleionoma (Swamp:3)
  6 jiangshi
  5 fire dragons
  2 quicksilver dragon zombies (WizLab)
  6 ettins
  6 deep elf high priests (Elf:3)
  17 hydras
  3 great orbs of eyes
  4 rakshasas
  2 salamander tyrants (Snake:4)
  9 vault guards
  An ice dragon (shapeshifter) (D:15)
  A ghost crab (Swamp:4)
  3 ice dragons
  3 spriggan air magi
  2 boulder beetles
  15 naga warriors
  13 anacondas
  2 ogre magi
  A caustic shrike simulacrum (IceCv)
  4 catoblepae
  17 dancing weapons
  11 two-headed ogres
  12 alligators
  5 centaur warriors
  8 deep troll earth magi
  5 orc high priests
  The ghost of Atlas the Thaumaturge, a novice DjEE (D:9)
  3 tengu warriors
  A deep troll shaman (Depths:1)
  7 death yaks
  6 vampire magi
  4 shock serpents
  11 deep elf knights
  11 spriggan berserkers
  A titan zombie (WizLab)
  7 naga sharpshooters
  Sonja (Orc:1)
  Urug (Lair:1)
  5 iron trolls
  A spectral death yak (Lair:6)
  A shadow wraith (WizLab)
  A death drake (Swamp:4)
  14 deep trolls
  6 goliath frogs
  A spectral spark wasp (WizLab)
  9 salamander mystics
  2 skeletal warriors (WizLab)
  3 spriggan druids (Swamp:2)
  2 spark wasp zombies (WizLab)
  5 glowing orange brains
  A spectral anaconda (Lair:6)
  6 naga ritualists
  3 bog bodies (Swamp:1)
  13 swamp dragons
  18 deep elf archers
  An obsidian statue (Lair:6)
  8 phantasmal warriors (WizLab)
  3 flayed ghosts
  3 orange crystal statues
  31 deep elf pyromancers
  7 wizards
  22 deep elf zephyrmancers
  2 spectral wolf spiders (WizLab)
  5 necromancers
  A fire giant zombie (Depths:2)
  A wolf spider zombie (WizLab)
  4 orc sorcerers
  28 ugly things
  6 manticores
  6 orc knights
  10 mana vipers
  20 elephants
  6 cyclopes
  13 salamanders
  A moth of wrath (shapeshifter) (Depths:2)
  A sphinx skeleton (Depths:2)
  9 guardian serpents
  A dire elephant zombie (Lair:6)
  11 naga magi
  2 ice statues (Swamp:1)
  Maurice (D:8)
  29 black mambas
  13 cane toads
  2 gargoyles
  An unseen horror (D:11)
  A dire elephant skeleton (Lair:6)
  A torpor snail (Lair:5)
  4 freezing wraiths
  A yaktaur (D:13)
  10 kobold demonologists (D:14)
  2 rime drakes
  A harpy zombie (WizLab)
  11 komodo dragons
  An anaconda simulacrum (IceCv)
  2 spectral harpies (WizLab)
  6 tengu conjurers
  A golden dragon simulacrum (IceCv)
  9 trolls
  3 polar bears
  A queen bee (D:15)
  3 meliai (D:15)
  10 hornets
  A meliai (shapeshifter) (Depths:2)
  8 tyrant leeches
  22 blink frogs
  2 bloated husks (Swamp:2)
  A spectral elephant (Lair:6)
  18 slime creatures
  A blink frog (shapeshifter) (Elf:3)
  4 dream sheep
  A fire giant simulacrum (Depths:2)
  Sigmund (D:4)
  A spriggan zombie (WizLab)
  An air elemental (Elf:1)
  2 vampires
  11 flying skulls (WizLab)
  2 shadows (D:9)
  14 spriggans
  A redback (shapeshifter) (Depths:2)
  41 yaks
  8 water elementals
  6 wyverns
  2 wraiths
  A human (D:13)
  A steam dragon (D:6)
  2 basilisks
  27 vampire mosquitoes
  A fire elemental (Elf:1)
  2 death yak simulacra (Lair:6)
  7 wargs
  51 nagas
  An acid dragon (D:9)
  3 harpy simulacra (IceCv)
  16 swamp worms
  An acid dragon (shapeshifter) (D:15)
  21 water moccasins
  An ice beast (D:6)
  23 orc warriors
  A human skeleton (Depths:2)
  A black bear (Lair:3)
  A sky beast (D:7)
  8 swamp drakes
  An alligator simulacrum (IceCv)
  2 necrophages
  A boggart (Elf:1)
  11 centaurs
  14 ogres
  A kobold brigand (D:10)
  3 phantoms
  3 earth elementals
  11 bullfrogs
  2 cane toad simulacra (Lair:6)
  2 gnoll sergeants (D:10)
  4 scorpions
  2 water moccasin skeletons
  25 killer bees
  A lindwurm simulacrum (IceCv)
  4 wights (D:9)
  An electric eel (Elf:3)
  3 howler monkeys
  A bullfrog zombie (D:6)
  2 jellies
  2 centaur zombies
  14 orc priests
  A hound (D:4)
  22 orc wizards
  Natasha (thrice) (D:3)
  2 iguanas
  24 hell rats
  A hound zombie (D:5)
  A hound skeleton (D:5)
  Robin (D:2)
  18 gnolls
  11 adders
  A river rat (D:5)
  A white imp (D:8)
  An ufetubus (D:7)
  3 adder skeletons (D:4)
  3 worms
  2 dart slugs
  70 orcs
  9 ball pythons
  3 endoplasms
  6 giant cockroaches
  15 goblins
  12 hobgoblins
  6 jackals
  5 quokkas
  2 bats
  3 frilled lizards
  15 kobolds
  9 rats
  A withered plant (Lair:6)
1423 creatures vanquished.

Vanquished Creatures (collateral kills)
  A deep elf zephyrmancer (Elf:2)
  A salamander (Snake:3)
  A black mamba (Lair:2)
  A water moccasin (Sewer)
4 creatures vanquished.

Vanquished Creatures (others)
  A fenstrider witch (Swamp:1)
  A hydra (Swamp:4)
  A dancing weapon (Elf:2)
  A spriggan (Swamp:2)
  2 deep elf knights (Elf:2)
  A deep elf zephyrmancer (Elf:2)
  A manticore (D:12)
  A kobold demonologist (D:12)
  3 bloated husks
  2 hornets (Swamp:2)
  A yak (Lair:2)
  A basilisk (Lair:2)
  A water moccasin (Lair:2)
  A swamp drake (Swamp:4)
  An orc wizard (D:12)
  28 fungi
  59 plants
  17 withered plants
123 creatures vanquished.

Grand Total: 1550 creatures vanquished

Notes
Turn   | Place    | Note
-------+----------+-------------------------------------------
     0 | D:1      | frimble the Troll Warper began the quest for the Orb.
     0 | D:1      | Reached XP level 1. HP: 19/19 MP: 1/1
    39 | D:1      | Reached skill level 1 in Throwing
   150 | D:1      | Reached XP level 2. HP: 28/28 MP: 2/2
   662 | D:2      | Reached XP level 3. HP: 30/35 MP: 3/3
   669 | D:2      | Learned a level 2 spell: Blink
   826 | D:1      | Reached XP level 4. HP: 41/42 MP: 4/4
  1033 | D:2      | Noticed Robin
  1048 | D:2      | Killed Robin
  1202 | D:2      | Reached XP level 5. HP: 46/50 MP: 5/5
  1425 | D:3      | Found an opulent altar of Gozag.
  1556 | D:3      | Noticed Natasha
  1563 | D:3      | Killed Natasha
  1578 | D:3      | Noticed Natasha
  1583 | D:3      | Killed Natasha
  1586 | D:3      | Found a basalt altar of Yredelemnul.
  1654 | D:3      | Learned a level 3 spell: Teleport Other
  1718 | D:3      | Noticed Natasha
  1724 | D:3      | Killed Natasha
  1725 | D:3      | Reached XP level 6. HP: 59/59 MP: 6/6
  2214 | D:4      | Reached XP level 7. HP: 36/67 MP: 7/7
  2383 | D:4      | Noticed Sigmund
  2391 | D:4      | Killed Sigmund
  2779 | D:5      | Entered Level 5 of the Dungeon
  2847 | D:5      | Reached skill level 5 in Unarmed Combat
  2938 | D:5      | Reached XP level 8. HP: 78/79 MP: 8/8
  2981 | D:5      | Found a glowing drain.
  3000 | Sewer    | Entered a sewer
  3237 | D:5      | Found Zucofoj's Jewellery Emporium.
  3708 | D:5      | Reached skill level 5 in Fighting
  3941 | D:6      | Reached skill level 5 in Translocations
  4513 | D:6      | Reached XP level 9. HP: 88/88 MP: 9/9
  4704 | D:6      | Reached skill level 5 in Throwing
  5178 | D:7      | Found a staircase to the Ecumenical Temple.
  5636 | D:8      | Found a staircase to the Lair.
  5710 | D:8      | Noticed Maurice
  5735 | D:8      | Paralysed by something for 5 turns
  5741 | D:8      | Killed Maurice
  6754 | D:9      | Reached XP level 10. HP: 95/96 MP: 10/10
  6757 | D:9      | Reached skill level 1 in Evocations
  6798 | D:9      | Found a sacrificial altar of Ru.
  7279 | D:9      | Found a runed translucent gate.
  7280 | D:9      | Found a runed translucent gate.
  7281 | D:9      | Found a runed translucent gate.
  7283 | D:9      | Noticed Atlas's ghost (novice DjEE)
  7338 | D:10     | Entered Level 10 of the Dungeon
  7343 | D:10     | Got the Compendium of Creative Flight
  7688 | D:5      | Bought an amulet of regeneration for 330 gold pieces
  7778 | Temple   | Entered the Ecumenical Temple
  7911 | Temple   | Became a worshipper of Cheibriados the Contemplative
  8237 | D:10     | Noticed a two-headed ogre
  8243 | D:10     | Killed a two-headed ogre
  8244 | D:10     | Reached skill level 5 in Evocations
  8280 | D:10     | Reached skill level 1 in Invocations
  8332 | D:10     | Noticed a two-headed ogre
  8345 | D:10     | Killed a two-headed ogre
  8426 | D:10     | Found a staircase to the Orcish Mines.
  8655 | D:10     | Noticed a two-headed ogre
  8666 | D:10     | Killed a two-headed ogre
  8667 | D:10     | Reached skill level 5 in Invocations
  8756 | D:10     | Reached * piety under Cheibriados
  9138 | D:11     | Reached XP level 11. HP: 63/102 MP: 13/13
  9334 | D:11     | Noticed a boulder beetle
  9346 | D:11     | Killed a boulder beetle
  9347 | D:11     | Reached skill level 5 in Dodging
 10039 | D:11     | Reached ** piety under Cheibriados
 10419 | D:12     | Noticed a centaur warrior
 10423 | D:12     | Killed a centaur warrior
 10423 | D:12     | Noticed a deep elf pyromancer
 10424 | D:12     | Reached skill level 10 in Unarmed Combat
 10433 | D:12     | Killed a deep elf pyromancer
 10445 | D:12     | Noticed a centaur warrior
 10454 | D:12     | Noticed a stone giant
 10457 | D:12     | Killed a centaur warrior
 10459 | D:12     | Noticed an eight-headed hydra
 10600 | Lair:1   | Entered Level 1 of the Lair of Beasts
 10697 | Lair:1   | Reached XP level 12. HP: 96/111 MP: 14/14
 10727 | Lair:1   | Reached *** piety under Cheibriados
 10787 | Lair:1   | Learned a level 4 spell: Passage of Golubria
 11385 | Lair:1   | Noticed Urug
 11398 | Lair:1   | Killed Urug
 11689 | Lair:2   | Found a staircase to the Snake Pit.
 11862 | Lair:2   | Reached **** piety under Cheibriados
 12008 | Lair:2   | Noticed a seven-headed hydra
 12710 | Lair:3   | Noticed a six-headed hydra
 12722 | Lair:3   | Killed an eight-headed hydra
 12794 | Lair:3   | Found a staircase to the Swamp.
 13733 | Lair:4   | Reached XP level 13. HP: 125/127 MP: 15/15
 13768 | Lair:4   | Reached ***** piety under Cheibriados
 13831 | Lair:4   | Reached skill level 1 in Armour
 14818 | Lair:5   | Found a viscous altar of Jiyva.
 14818 | Lair:5   | Found a staircase to the Slime Pits.
 15057 | Lair:5   | Got the Compendium of the Creative Traveller
 15279 | Lair:5   | Found a runed translucent door.
 15283 | Lair:5   | Noticed Gijud's ghost (journeyman BaIE)
 15496 | Lair:5   | Killed Gijud's ghost
 15515 | Lair:5   | Identified the +5 hunting sling "Epnuong" {venom, *Corrode
                  | Int+6}
 15533 | Lair:6   | Entered Level 6 of the Lair of Beasts
 15797 | Lair:6   | Reached XP level 14. HP: 72/136 MP: 16/19
 15867 | Lair:6   | Reached ****** piety under Cheibriados
 16381 | Lair:6   | Found the +2 hood of the Assassin {Detection Stab+ Stlth++}
 17020 | Lair:6   | Acquired a +1 kite shield of protection
 17022 | Lair:6   | Acquired 515 gold pieces
 17024 | Lair:6   | Acquired a manual of Spellcasting
 17030 | Lair:6   | Reached skill level 1 in Shields
 17188 | Lair:6   | Identified the +0 chain mail of Esonupev {rCorr Slay-5
                  | Stlth+}
 17586 | D:9      | Killed Atlas's ghost
 17973 | D:12     | Noticed a frost giant
 17997 | D:12     | Killed a stone giant
 17998 | D:12     | Reached skill level 5 in Shields
 18195 | D:12     | Killed a frost giant
 18551 | D:14     | Found Xaeduc's Antique Armour Shoppe.
 18559 | D:14     | Bought a crude robe for 182 gold pieces
 18559 | D:14     | Identified the +2 robe of Free Expression {+Blink Will+
                  | Int-5} (You bought it in a shop on level 14 of the Dungeon)
 18849 | D:14     | Reached XP level 15. HP: 118/143 MP: 20/20
 18940 | D:14     | Got the Catalogue of Cold and the Volcanoes
 18955 | D:14     | Got Pituppede's Grimoire of the Volcanoes and Earth
 18978 | D:14     | Found a shimmering blue altar of Sif Muna.
 19143 | D:14     | Got Ezody's Collected Works on Dark Air
 19145 | D:14     | Got the Papyrus of the Volcanoes and Weightlessness
 19359 | D:15     | Entered Level 15 of the Dungeon
 20088 | D:15     | Reached skill level 10 in Invocations
 20123 | D:15     | Found a staircase to the Depths.
 20177 | D:15     | Reached skill level 10 in Fighting
 20786 | D:13     | Found a gate to the Vaults.
 20845 | D:13     | Found the +8 Wrath of Trog {antimagic, *Rage Rampage}
 20848 | D:13     | Reached XP level 16. HP: 148/158 MP: 11/22
 21258 | Orc:1    | Entered Level 1 of the Orcish Mines
 21281 | Orc:1    | Noticed Sonja
 21284 | Orc:1    | Killed Sonja
 21749 | Orc:2    | Entered Level 2 of the Orcish Mines
 21749 | Orc:2    | Found a staircase to the Elven Halls.
 21895 | Orc:2    | Reached skill level 10 in Evocations
 22068 | Orc:2    | Found a runed translucent gate.
 22068 | Orc:2    | Found a runed translucent gate.
 22068 | Orc:2    | Found a runed translucent gate.
 22070 | Orc:2    | Noticed croobank's ghost (journeyman MiBe)
 22251 | Orc:2    | Reached skill level 1 in Stealth
 22294 | Orc:2    | Found Nen Atai's Antique Armour Shop.
 22294 | Orc:2    | Found Canahuus's Antique Weapon Shoppe.
 22311 | Orc:2    | Found Xuborun's Assorted Antiques.
 22311 | Orc:2    | Found Romog's Jewellery Shoppe.
 22346 | Orc:2    | Found Pugo's Antique Armour Shoppe.
 22372 | Orc:2    | Bought a heavy robe for 188 gold pieces
 22372 | Orc:2    | Identified the +0 robe "Piahez" {rN+ Dex+5} (You bought it
                  | in a shop on level 2 of the Orcish Mines)
 22413 | Orc:2    | Found Duzask's General Store.
 22421 | Orc:2    | Bought a scroll of enchant armour for 112 gold pieces
 22421 | Orc:2    | Bought a scroll of magic mapping for 52 gold pieces
 22421 | Orc:2    | Bought a potion of might for 60 gold pieces
 22451 | Orc:2    | Found Womoj's Armour Emporium.
 22585 | Orc:2    | Found an iron altar of Okawaru.
 22647 | Orc:2    | Bought a ring of willpower for 300 gold pieces
 22801 | Snake:1  | Entered Level 1 of the Snake Pit
 22914 | D:5      | Bought the ring "Ocuroafu" {Fly rPois rN++} for 431 gold
                  | pieces
 23450 | Snake:1  | Acquired a manual of Conjurations
 23793 | Elf:1    | Entered Level 1 of the Elven Halls
 23985 | Elf:1    | Paralysed by an air elemental for 1 turns
 24013 | Elf:1    | Noticed Louise
 24504 | Elf:1    | Killed Louise
 25079 | Elf:2    | Found a magical portal.
 25083 | WizLab   | Entered Borgnjor's Mausoleum
 25281 | WizLab   | Reached XP level 17. HP: 126/170 MP: 24/24
 25922 | WizLab   | Got the Reference Book on Sinister Rites
 26440 | Elf:2    | Reached skill level 5 in Spellcasting
 26587 | Elf:2    | Found a portal to a secret trove of treasure.
 26695 | Elf:2    | Found a gateway to a bazaar.
 26702 | Bazaar   | Entered a bazaar
 26705 | Bazaar   | Found Tureas's General Store.
 26708 | Bazaar   | Found Mish's Book Emporium.
 26713 | Bazaar   | Found Kytauff's General Store.
 26713 | Bazaar   | Found Mufisihu's Antique Weapon Emporium.
 26715 | Bazaar   | Bought a book of the Earth for 252 gold pieces
 26721 | Bazaar   | Bought a scroll of enchant armour for 112 gold pieces
 26721 | Bazaar   | Bought a scroll of enchant armour for 112 gold pieces
 26818 | Elf:2    | Learned a level 6 spell: Statue Form
 26896 | Elf:2    | Found a runed translucent gate.
 26897 | Elf:2    | Found a runed translucent gate.
 26897 | Elf:2    | Found a runed translucent gate.
 27207 | Elf:3    | Entered Level 3 of the Elven Halls
 27257 | Elf:3    | Reached skill level 1 in Earth Magic
 27322 | Elf:3    | Noticed Aizul
 27344 | Elf:3    | Killed Aizul
 27379 | Elf:3    | Reached skill level 1 in Transmutations
 28100 | Elf:3    | Reached XP level 18. HP: 165/176 MP: 23/26
 28599 | Elf:3    | Identified the ring of Geotepo {rPois Will+ rCorr Str+3}
 28612 | Elf:3    | Identified the +10 falchion "Troll's Bane" {drain, rF+}
 28697 | Elf:3    | Learned a level 1 spell: Apportation
 28812 | Elf:3    | Noticed a Hell Sentinel
 29546 | Snake:2  | Found an iron altar of Okawaru.
 29563 | Snake:2  | Found Piwyang's Jewellery Emporium.
 29564 | Snake:2  | Found Necokherch's Book Boutique.
 29566 | Snake:2  | Found Vonauc's Jewellery Emporium.
 29721 | Snake:2  | Found a runed translucent door.
 29722 | Snake:2  | Found a shimmering altar of Xom.
 29722 | Snake:2  | Noticed Affed's ghost (adept TrGl)
 30055 | Snake:2  | Reached skill level 5 in Earth Magic
 30241 | Snake:2  | Killed Affed's ghost
 30510 | Snake:3  | Identified the +6 pearl dragon scales of Hairiness {rElec
                  | rF+++ rN+ Dex-3 Stlth+}
 30736 | Snake:3  | Reached skill level 5 in Transmutations
 31086 | Snake:4  | Entered Level 4 of the Snake Pit
 31114 | Snake:4  | Found Sekifuin's Jewellery Shop.
 31946 | Snake:4  | Reached XP level 19. HP: 162/189 MP: 30/30
 32640 | Snake:4  | Got a serpentine rune of Zot
 32808 | Swamp:1  | Entered Level 1 of the Swamp
 32808 | Swamp:1  | Noticed Mlioglotl
 32816 | Swamp:1  | Killed Mlioglotl
 32838 | Swamp:1  | Found a frozen archway.
 32857 | IceCv    | Entered an ice cave
 32864 | IceCv    | Found a transporter.
 32911 | IceCv    | Found a transporter.
 33301 | Swamp:2  | Gained mutation: Your magical capacity is low. (-10% MP)
                  | [mutagenic glow]
 33407 | Swamp:2  | Lost mutation: Your magical capacity is low. (-10% MP)
                  | [potion of mutation]
 33407 | Swamp:2  | Gained mutation: You have an increased reservoir of magic.
                  | (+10% MP) [potion of mutation]
 33407 | Swamp:2  | Gained mutation: You are weak. (Str -2) [potion of
                  | mutation]
 34489 | Swamp:3  | Reached skill level 10 in Earth Magic
 35005 | Swamp:4  | Entered Level 4 of the Swamp
 35286 | Swamp:4  | Found a runed translucent door.
 35286 | Swamp:4  | Found a shimmering altar of Xom.
 35286 | Swamp:4  | Noticed Zonian's ghost (adept DsGl)
 35316 | Swamp:4  | Killed Zonian's ghost
 35319 | Swamp:4  | Identified the +0 robe of the Jolly Dances {rElec Archmagi}
 35462 | Swamp:4  | Noticed the 27-headed Lernaean hydra
 35542 | Swamp:4  | Killed the 27-headed Lernaean hydra
 35604 | Swamp:4  | Reached XP level 20. HP: 198/198 MP: 31/34
 35740 | Swamp:4  | Got a decaying rune of Zot
 36202 | Depths:1 | Entered Level 1 of the Depths
 36430 | Depths:1 | Found a gateway to Hell.
 36660 | Depths:1 | Found a runed translucent gate.
 36661 | Depths:1 | Found a runed translucent gate.
 36663 | Depths:1 | Found a runed translucent gate.
 36667 | Depths:1 | Noticed mainiacjoe's ghost (veteran DjAE)
 36669 | Depths:1 | Noticed Foimof's ghost (adept FeVM)
 36810 | Depths:1 | Reached skill level 10 in Transmutations
 36833 | Depths:1 | Found a shimmering blue altar of Sif Muna.
 36962 | Depths:1 | Killed mainiacjoe's ghost
 36972 | Depths:1 | Killed Foimof's ghost
 37050 | Depths:2 | Noticed Saint Roka
 37063 | Depths:2 | Killed Saint Roka
 37242 | Depths:2 | Found a one-way gate leading to the halls of Pandemonium.
 37506 | Depths:2 | Noticed a golden dragon
 37516 | Depths:2 | Killed a golden dragon
 37627 | Depths:2 | Identified the +0 ring mail of the Maze {rF+}
 38168 | Depths:2 | Identified the +12 battleaxe of the Hidden Vale {antimagic,
                  | rF+ rN+}
 38217 | Depths:3 | Found a one-way gate to the infinite horrors of the Abyss.
 38247 | Depths:3 | Reached XP level 21. HP: 120/206 MP: 36/36
 38389 | Depths:3 | Found a white marble altar of Elyvilon.
 39372 | Depths:3 | Noticed a caustic shrike
 39376 | Depths:3 | HP: 3/206 [storm dragon (13)]
 39376 | Depths:3 | Slain by a storm dragon

Illustrated notes

Levels and vault maps discovered:
D:1:      nicolae_arrival_memento_mori, layout_loops_cross
D:2:      cheibrodos_helix_gallery, layout_rooms, serial_bayou_ford_a,
          uniq_robin
D:3:      layout_rooms, lemuel_doored_altar, grunt_gozag_breadcrumbs,
          uniq_natasha
D:4:      layout_basic, serial_bayou, serial_bayou_pond_b, serial_bayou_shore_b,
          serial_bayou_lake_a, serial_bayou_pond_c, uniq_sigmund
D:5:      layout_loops_corners, portal_sewer_entry_b, serial_shops, shop
D:6:      layout_basic, serial_rivers, chequers_serial_rivers_marsh,
          chequers_serial_rivers_room_a, chequers_serial_rivers_micro_e,
          chequers_serial_rivers_room_a, chequers_serial_rivers_micro_e,
          chequers_serial_rivers_marsh
D:7:      layout_cave_pools, lemuel_temple_firewalk_b,
          kennysheep_generic_room_11
D:8:      layout_basic, dpeg_oklobed_lair, uniq_maurice
D:9:      layout_gridville, nicolae_ru_great_annihilating_truth,
          gammafunk_ghost_spectres, hangedman_decor_points
D:10:     layout_grid_maze, orc_david_3
D:11:     layout_grid_maze
D:12:     minmay_outward_triangles, layout_loops_ring, lemuel_flame_loot_1
D:13:     layout_cave_pools, grunt_vaults_entry_fortified,
          minmay_guarded_unrand_wrath_of_trog
D:14:     evilmike_library_of_no_secrets, layout_basic, hex_intersection,
          serial_shops, nicolae_shop_crystal
D:15:     gammafunk_enter_depths_forms, layout_cave_pools, serial_park_fountain,
          special_room [special_room_bee]
Temple:   mainiacjoe_temple_bowtie_tessellation
Lair:1:   layout_cave_pods, grunt_megastairs_4, uniq_urug
Lair:2:   cheibrodos_lair_river_kwai, layout_misc_corridors,
          guppyfry_snake_entry_island, worms_lemuel
Lair:3:   layout_layer_cave, minmay_swamp_entry_swarm, beast_lair_carwin_7
Lair:4:   layout_layer_cave
Lair:5:   nzn_motion_control, layout_cave_shapes, slime_altar_1,
          ebering_ghost_inner_flame
Lair:6:   due_jungle_book, layout_small_grid, nzn_sisyphean_effort
Swamp:1:  nicolae_swamp_long_stream, layout_basic_swamp,
          portal_ice_cave_entry_ice_statue_two, nicolae_swamp_trees_clearing,
          uniq_mlioglotl
Swamp:2:  nicolae_swamp_husk_halls, layout_basic_swamp, hangedman_swamp_lotus,
          grunt_hermit_hut
Swamp:3:  layout_basic_swamp, evilmike_swamp_ruin_house_6
Swamp:4:  swamp_old_school, layout_basic_swamp, ebering_ghost_xom, swamp_pool2
Snake:1:  kennysheep_six_static_rooms, layout_misc_corridors
Snake:2:  layout_onion, ebering_ghost_xom, basic_altar, drop_trap,
          grunt_megastairs_1, serial_bayou_shore_b, minmay_shop_grove,
          serial_bayou_shore_b
Snake:3:  layout_rooms
Snake:4:  grunt_snake_rune_serpentine_throne, layout_cave_town,
          minmay_shop_enchanted_jewellery, nicolae_fountain_basement
Orc:1:    layout_caves, uniq_sonja
Orc:2:    grunt_orc_tribal_feast, layout_caves, gammafunk_ghost_fury_of_okawaru,
          serial_shops, nicolae_diamond_shop, nicolae_shop_crystal,
          nicolae_shop_crystal, lightli_orcish_oven
Elf:1:    elf_arrival_002, layout_gridlike, hangedman_elf_disciples,
          st_stairs_3, drop_trap, uniq_louise
Elf:2:    nicolae_elf_blades_crystal_corner, layout_loops_corners,
          enter_trove_5, mu_enter_wizlab_7, serial_shops, statue_bzr
Elf:3:    minmay_elf_hall_curves, layout_geoelf_castle, dk_noncrumbling_4,
          uniq_aizul
Depths:1: layout_twisted_cross, hangedman_decor_push, hell_entry,
          gammafunk_ghost_cemetery, tgw_sif
Depths:2: evilmike_pillar_path, layout_honeycomb, pan_entry,
          grunt_decor_junction, hell_entry, minmay_staircase_statues,
          uniq_saint_roka
Depths:3: gammafunk_depths_water_palace, layout_cave_shapes, elyvilon_altar_5,
          grunt_hell_entry_dis_mu, abyss_entry

Skill      XL: |  1  2  3  4  5  6  7  8  9 10 11 12 13 14 15 16 17 18 19 20 21 |
---------------+----------------------------------------------------------------+-----
Throwing       | 1 2 3 4 6 7 9 |  9.0
Dodging        | 2 3 5 6 8 |  8.0
Fighting       | 2 3 4 5 8 10 11 12 | 12.0
Unarmed Combat | 3 4 5 6 10 11 12 13 14 | 14.9
Translocations | 3 4 5 8 9 |  9.0
Evocations     | 5 6 8 9 10 | 10.0
Invocations    | 5 8 9 10 11 13 | 13.0
Armour         | 3 |  3.0
Shields        | 6 8 |  8.0
Stealth        | 3 |  3.0
Spellcasting   | 6 8 9 |  9.0
Earth Magic    | 2 6 10 13 14 | 14.2
Transmutations | 1 5 9 10 | 10.0

Action                   |  1- 3 |  4- 6 |  7- 9 | 10-12 | 13-15 | 16-18 | 19-21 || total
-------------------------+-------+-------+-------+-------+-------+-------+-------++-------
Melee: Unarmed           |   107 |   183 |   325 |   519 |   786 |  1487 |   909 ||  4316
       Punch             |     2 |     3 |     4 |    34 |    66 |       |       ||   109
Throw: Dart              |       |    35 |    48 |   103 |    21 |    55 |       ||   262
       Boomerang         |       |       |       |    29 |   164 |     8 |       ||   201
       Javelin           |       |       |       |       |    16 |    23 |    15 ||    54
       Large rock        |       |       |       |       |    57 |   115 |    26 ||   198
 Cast: Blink             |       |     1 |       |    14 |    21 |    14 |    19 ||    69
       Statue Form       |       |       |       |       |       |       |    59 ||    59
Invok: Slouch            |       |       |       |       |    11 |    12 |    13 ||    36
       Bend Time         |       |       |       |       |     1 |       |       ||     1
       Step From Time    |       |       |       |       |       |     3 |       ||     3
       Temporal Distorti |       |       |       |       |       |     2 |       ||     2
Evoke: Wand              |       |       |       |    12 |     1 |    38 |     2 ||    53
       Condenser vane    |       |       |       |       |     5 |     6 |     2 ||    13
  Use: Scroll            |       |     4 |    17 |     8 |    11 |    11 |     6 ||    57
       Potion            |       |       |       |     2 |     4 |     8 |     2 ||    16
 Stab: Sleeping          |     1 |       |     2 |     2 |    10 |    22 |    11 ||    48
       Invisible         |       |       |       |     3 |       |       |       ||     3
       Petrified         |       |       |       |       |     6 |       |       ||     6
       Distracted        |       |       |       |       |     1 |     7 |     3 ||    11
Armor: Robe              |    34 |    49 |   133 |    15 |       |       |       ||   231
       Troll leather arm |       |       |       |   250 |   317 |   412 |    94 ||  1073
       Skin              |       |       |       |       |       |       |   965 ||   965
Dodge: Dodged            |    46 |    85 |   139 |   278 |   455 |   669 |   927 ||  2599
Block: Kite shield       |       |       |       |       |   143 |   960 |  1001 ||  2104

Table legend: (Time is in decaauts)
 A = Elapsed time spent in this place.
 B = Non-inter-level travel time spent in this place.
 C = Inter-level travel time spent in this place.
 D = Time resting spent in this place.
 E = Time spent auto-exploring this place.
 F = Levels seen in this place.
 G = Mean time per level.
                   A        B        C        D        E       F      G
               +--------+--------+--------+--------+--------+-----+--------+
         Total |  59424 |  53669 |   5755 |    647 |  39018 |  42 | 1414.9 |
       Dungeon |  18446 |  15909 |   2537 |     85 |  11917 |  15 | 1229.7 |
        Temple |    156 |    123 |     33 |      0 |    112 |   1 |  156.0 |
          Lair |  11785 |  10220 |   1565 |     33 |   8390 |   6 | 1964.2 |
         Swamp |   5199 |   4860 |    339 |      9 |   3727 |   4 | 1299.8 |
     Snake Pit |   6896 |   6447 |    449 |    134 |   4703 |   4 | 1724.0 |
  Orcish Mines |   2532 |   2256 |    276 |      0 |   1682 |   2 | 1266.0 |
   Elven Halls |   6915 |   6490 |    425 |    201 |   4054 |   3 | 2305.0 |
        Depths |   5757 |   5629 |    128 |    111 |   4008 |   3 | 1919.0 |
        Bazaar |     86 |     86 |      0 |      0 |     51 |   1 |   86.0 |
         Sewer |    140 |    140 |      0 |      0 |     98 |   1 |  140.0 |
      Ice Cave |    260 |    260 |      0 |      0 |    154 |   1 |  260.0 |
        Wizlab |   1248 |   1248 |      0 |     72 |    120 |   1 | 1248.0 |
               +--------+--------+--------+--------+--------+-----+--------+

Top non-repeatable levels by time:
   Elf:3: 2915 daAuts
 Snake:4: 2664 daAuts
  Lair:6: 2599 daAuts
   Elf:2: 2238 daAuts
  Lair:1: 2216 daAuts
Depths:2: 2084 daAuts
    D:10: 2041 daAuts
  Lair:3: 2022 daAuts
Depths:3: 2000 daAuts
  Lair:4: 1977 daAuts
    D:11: 1799 daAuts
    D:12: 1785 daAuts
   Elf:1: 1761 daAuts
    D:14: 1741 daAuts
Depths:1: 1671 daAuts
